 Dungeon Crawl Stone Soup version 0.17.0-24-gcfadda4 (webtiles) character file.

202 MDvedh the Cudgeler (level 5, -2/28 HPs)
             Began as a Gargoyle Summoner on Nov 17, 2015.
             Slain by an iguana (4 damage)
             ... on level 4 of the Dungeon.
             The game lasted 00:06:23 (3361 turns).

MDvedh the Cudgeler (Gargoyle Summoner)             Turns: 3361, Time: 00:06:23

Health: -2/28      AC: 10    Str: 17    XL:     5   Next: 80%
Magic:  8/8        EV:  9    Int: 16    God:
Gold:   152        SH:  3    Dex: 10    Spells: 1 memorised, 7 levels left

rFire  . . .     SeeInvis .     t - +0 flail
rCold  . . .     Clarity  .     u - +0 scale mail (curse)
rNeg   + . .     SustAt   .     h - +0 buckler
rPois  ∞         Gourm    .     (no helmet)
rElec  +         Spirit   .     (no cloak)
rCorr  .         Warding  .     (no gloves)
rMut   .         Stasis   .     (no boots)
MR     .....                    (no amulet)
Stlth  ..........               (no ring)
                                (no ring)

@: mighty, not resistant to hostile enchantments, extremely unstealthy
A: negative energy resistance 1, electricity resistance, unbreathing,
petrification resistance, rot immunity, AC +4
a: no special abilities


You were on level 4 of the Dungeon.
You were not hungry.

You visited 1 branch of the dungeon, and saw 4 of its levels.

You collected 152 gold pieces.

Inventory:

Hand Weapons
 t - a +0 flail (weapon)
Armour
 h - a +0 buckler (worn)
 u - a cursed +0 scale mail (worn)
Jewellery
 k - an uncursed amulet of stasis
Scrolls
 a - a scroll of enchant armour {unknown}
 e - 3 scrolls of identify {unknown}
 f - 3 scrolls of remove curse {unknown}
 i - 3 scrolls of recharging {unknown}
 m - a scroll of blinking {unknown}
 q - a scroll of teleportation {unknown}
Potions
 j - 2 potions of resistance
Books
 b - a book of Callings

   Spells                             Type                      Level
   a - Summon Small Mammal            Summoning                    1
   b - Call Imp                       Summoning                    2
   c - Call Canine Familiar           Summoning                    3
   d - Summon Guardian Golem          Hexes/Summoning              3
   e - Summon Lightning Spire         Summoning/Air                4
   f - Summon Ice Beast               Ice/Summoning                4
Comestibles
 c - 3 bread rations
 o - a meat ration
 p - a royal jelly
 r - a slice of pizza


   Skills:
 + Level 5.3 Maces & Flails
 - Level 1.5 Dodging
 - Level 2.1 Stealth
 - Level 2.0 Spellcasting
 - Level 3.6 Summonings


You had 7 spell levels left.
You knew the following spells:

 Your Spells              Type           Power        Failure   Level  Hunger
a - Summon Small Mammal   Summ           ##..         30%         1    #......


Dungeon Overview and Level Annotations

Branches:
Dungeon (4/15)
 Temple: D:4-7

Altars:
Nemelex Xobeh
Trog


Innate Abilities, Weirdness & Mutations

You are resistant to torment.
Your stone body is resilient (AC +4).
You are immune to poison.
You resist negative energy.
You are resistant to electric shocks.
You can survive without breathing.
You are immune to petrification.
You are immune to rotting.


Message History

Unknown command.
You barely miss the iguana.
The iguana is severely wounded.
The iguana bites you.
* * * LOW HITPOINT WARNING * * *
Drink which item? (? for menu, Esc to quit)
It was a potion of might.
You feel very mighty all of a sudden. The iguana barely misses you.
Unknown command.
Saving game... please wait.
You hear the hiss of flowing sand.
There is an entrance to an ossuary on this level.
Hurry and find it before the portal is buried!
Welcome back, MDvedh the Gargoyle Summoner.
Press ? for a list of commands and other information.
Unknown command.
You hit the iguana but do no damage.
The iguana is severely wounded.
The iguana bites you.
You die...

#. .## #.##
...###..####
...........##
............#
............#
............#
#....<.l@.#
#.........#
##.......##
#..####..#
#.. ..... #..
####+## ...
...


You could see an iguana.

Vanquished Creatures
  An orc priest (D:3)
  2 orc wizards (D:3)
  3 adders
  2 worms
  9 orcs (D:3)
  2 ball pythons (D:1)
  3 giant cockroaches
  5 goblins
  9 hobgoblins
  4 jackals (D:1)
  10 kobolds
  6 bats
  4 giant geckos
  3 giant newts
  6 rats
69 creatures vanquished.

Notes
Turn   | Place    | Note
--------------------------------------------------------------
     0 | D:1      | MDvedh the Gargoyle Summoner began the quest for the Orb.
     0 | D:1      | Reached XP level 1. HP: 10/10 MP: 3/3
   131 | D:1      | Reached skill level 1 in Maces & Flails
   338 | D:1      | Reached XP level 2. HP: 13/15 MP: 5/5
   680 | D:1      | Reached XP level 3. HP: 12/19 MP: 6/6
   894 | D:1      | You fall through a shaft!
  2104 | D:3      | Reached XP level 4. HP: 18/24 MP: 7/7
  2297 | D:3      | HP: 1/24 [orc priest/trident of venom (3)]
  2305 | D:3      | Reached skill level 4 in Maces & Flails
  2359 | D:3      | Found a sparkling altar of Nemelex Xobeh.
  2394 | D:3      | Reached XP level 5. HP: 8/28 MP: 8/8
  2669 | D:3      | Reached skill level 5 in Maces & Flails
  2777 | D:3      | Found a bloodstained altar of Trog.
  3361 | D:4      | Slain by an iguana

Action                   |  1- 3 |  4- 6 || total
-------------------------+-------+-------++-------
Melee: Mace              |   139 |       ||   139
       Flail             |    71 |   198 ||   269
  Use: Potion            |       |     4 ||     4
 Stab: Sleeping          |     1 |       ||     1
  Eat: Chunk             |     3 |     5 ||     8
       Beef jerky        |       |     1 ||     1
